AoeStats
← Ben

Arena

509477133Analyzed
4v4 RM · 4d ago on Sep 26, 2026· 54m 6s· 8 players
Game mode
Random Map
Map size
Large (8 player)
Population
200
Speed
Normal
Resources
Standard
Victory
Conquest
Starting age
Dark Age
Ending age
Imperial Age
RankedLock teamsTeams togetherTeam positionsShared explorationLock speedFull tech treeHidden civsTurbo modeCheats
Victory
Defeat
🇨🇴 Bulgarians · Colombia
999
+16
🇦🇷 Celts · Argentina
946
+18
🇨🇴 Mongols · Colombia
926
+18
🇺🇸 Romans · United States
905
+19
🇮🇹 Danes · Italy
997
-18
🇵🇱 Persians · Poland
996
-18
🇺🇸 Poles · United States
980
-18
🇮🇹 Varangians · Italy
969
-17
jesuscontrabando
11:19 Feudal Age
14:57 Castle Age
14:00 Double-Bit Axe
16:19 Forging
20:35 Scale Barding Armor
23:45 Horse Collar
30:15 Imperial Age
28:40 Bow Saw
30:18 Iron Casting
29:34 Fletching
29:47 Scale Mail Armor
30:15 Heavy Plow
31:58 Chemistry
33:20 Onager
34:38 Ballistics
36:17 Fortified Wall
36:44 Pikeman
37:23 Halberdier
41:21 Blast Furnace
40:37 Chain Mail Armor
42:41 Heavy Scorpion
46:08 Chain Barding Armor
46:19 Plate Mail Armor
47:08 Bodkin Arrow
50:23 Arson
53:05 Conscription
53:24 Siege Onager
55:11 Wheelbarrow
Eng - Esp
2:24 Loom
10:42 Feudal Age
11:57 Horse Collar
12:04 Double-Bit Axe
18:21 Castle Age
16:46 Loom
16:55 Gold Mining
19:13 Bow Saw
19:05 Heavy Plow
21:05 Wheelbarrow
20:15 Town Watch
21:39 Padded Archer Armor
21:29 Fletching
21:50 Forging
21:46 Scale Barding Armor
22:19 Wheelbarrow
21:30 Town Watch
22:12 Light Cavalry
23:03 Bloodlines
22:53 Husbandry
24:15 Town Patrol
26:25 Chain Barding Armor
28:21 Hand Cart
28:47 Bodkin Arrow
29:27 Iron Casting
29:08 Leather Archer Armor
30:53 Gold Shaft Mining
30:08 Stone Mining
30:17 Stone Mining
30:26 Murder Holes
30:42 Fortified Wall
33:47 Imperial Age
32:41 Stone Shaft Mining
32:53 Ballistics
32:44 Masonry
34:01 Capped Ram
34:07 Hussar
34:19 Heavy Camel Rider
37:28 Blast Furnace
37:03 Caravan
37:33 Coinage
37:03 Siege Ram
39:13 Conscription
42:53 Chemistry
43:30 Drill
44:07 Bracer
44:19 Masonry
44:16 Nomads
47:05 Siege Engineers
47:02 Elite Mangudai
54:17 Scale Mail Armor
andres.sojo2809
4:00 Loom
10:25 Feudal Age
11:26 Double-Bit Axe
11:22 Horse Collar
16:44 Castle Age
15:41 Gold Mining
16:22 Forging
16:14 Scale Mail Armor
18:11 Gambesons
20:53 Iron Casting
20:18 Town Watch
21:09 Wheelbarrow
23:02 Squires
23:15 Bow Saw
23:08 Heavy Plow
27:30 Pikeman
31:00 Imperial Age
29:10 Gold Shaft Mining
28:41 Arson
29:48 Chain Mail Armor
29:57 Stone Mining
30:35 Fletching
32:48 Bodkin Arrow
33:20 Bracer
33:36 Capped Ram
34:49 Conscription
36:07 Blast Furnace
36:47 Stone Shaft Mining
37:06 Plate Mail Armor
38:09 Crop Rotation
37:08 Halberdier
44:34 Padded Archer Armor
44:39 Siege Ram
50:16 Murder Holes
51:22 Chemistry
51:21 Ballistics
53:26 Hand Cart
53:12 Town Patrol
Ben
4:40 Loom
10:23 Feudal Age
12:43 Double-Bit Axe
15:16 Castle Age
14:07 Horse Collar
16:14 Wheelbarrow
16:29 Bow Saw
16:25 Heavy Plow
20:36 Hand Cart
23:17 Gold Mining
23:24 Stone Mining
24:51 Town Watch
25:05 Man-at-Arms
25:45 Squires
25:53 Scale Mail Armor
26:04 Forging
26:28 Ballistics
29:24 Imperial Age
27:53 Long Swordsman
27:55 Pikeman
28:53 Chain Mail Armor
29:14 Iron Casting
28:47 Scale Barding Armor
28:33 Fletching
28:53 Murder Holes
29:13 Masonry
31:33 Blast Furnace
30:48 Caravan
30:58 Town Patrol
31:13 Heavy Scorpion
32:47 Gold Shaft Mining
31:58 Legionary
33:23 Crop Rotation
34:20 Chemistry
33:55 Bodkin Arrow
34:54 Capped Ram
35:50 Bloodlines
35:40 Husbandry
35:03 Elite Centurion
35:49 Ballistas
36:10 Comitatenses
36:30 Chain Barding Armor
37:24 Siege Ram
39:12 Halberdier
42:32 Plate Barding Armor
42:21 Conscription
52:57 Padded Archer Armor
Red Death
9:52 Feudal Age
10:29 Double-Bit Axe
10:36 Horse Collar
19:19 Castle Age
18:11 Scale Barding Armor
22:05 Bow Saw
22:46 Chain Barding Armor
23:35 Forging
23:49 Heavy Plow
25:02 Bloodlines
27:45 Gold Mining
28:36 Husbandry
29:39 Light Cavalry
30:10 Loom
32:37 Wheelbarrow
32:18 Town Watch
35:21 Imperial Age
33:59 Szlachta Privileges
34:26 Hand Cart
35:41 Cavalier
37:02 Iron Casting
36:51 Lechitic Legacy
36:53 Conscription
38:26 Winged Hussar
41:25 Blast Furnace
42:34 Scale Mail Armor
44:14 Masonry
44:00 Murder Holes
46:01 Stone Mining
48:08 Crop Rotation
48:09 Elite Obuch
49:33 Stone Shaft Mining
50:09 Hoardings
Il Gonzaga
0:33 Loom
12:44 Feudal Age
13:22 Double-Bit Axe
13:18 Horse Collar
13:33 Gold Mining
19:30 Wheelbarrow
23:05 Castle Age
21:21 Forging
21:11 Scale Mail Armor
21:16 Scale Barding Armor
21:06 Stone Mining
23:28 Padded Archer Armor
24:03 Bow Saw
24:04 Heavy Plow
24:20 Squires
24:37 Chain Mail Armor
24:58 Iron Casting
27:08 Town Watch
29:10 Caravan
30:09 Hand Cart
33:05 Arson
34:44 Chain Barding Armor
38:58 Imperial Age
41:24 Two-Man Saw
40:57 Crop Rotation
40:33 Husbandry
40:43 Bloodlines
39:59 Elite Varangian Guard
42:03 Conscription
41:09 Gothikon
41:12 Elite Jarl
42:27 Light Cavalry
43:56 Hussar
47:31 Blast Furnace
48:32 Plate Mail Armor
Ottone il Grande
11:35 Feudal Age
16:02 Castle Age
15:05 Double-Bit Axe
15:03 Horse Collar
15:15 Gold Mining
16:37 Loom
23:47 Heavy Plow
27:16 Fletching
33:17 Imperial Age
31:25 Murder Holes
31:32 Gambesons
31:49 Squires
32:46 Wheelbarrow
31:57 Town Watch
34:12 Bodkin Arrow
34:17 Padded Archer Armor
35:48 Arson
36:57 Elite Varangian Guard
39:54 Pikeman
42:37 Scale Mail Armor
46:38 Halberdier
InGlory
10:54 Feudal Age
14:36 Castle Age
12:28 Double-Bit Axe
12:47 Horse Collar
19:01 Loom
22:35 Bow Saw
22:27 Heavy Plow
24:00 Gold Mining
24:02 Stone Mining
30:35 Imperial Age
28:42 Wheelbarrow
27:54 Town Watch
27:55 Loom
30:03 Gold Shaft Mining
30:03 Stone Shaft Mining
30:08 Ballistics
30:51 Scale Barding Armor
30:57 Forging
31:36 Cavalier
32:17 Husbandry
33:35 Chain Barding Armor
33:50 Iron Casting
34:13 Savar
36:36 Plate Barding Armor
36:01 Scale Mail Armor
37:05 Blast Furnace
37:43 Chemistry
42:16 Onager
44:11 Heavy Scorpion
48:12 Light Cavalry
51:48 Bloodlines
Connection lost

Rejoining the realm…

Still unreachable

The connection could not be restored.

Session expired

The server has moved on; the page needs a fresh start.